| TOP OF THE 1ST |
|
Colorado Avalanche batting - Pitching for Miami Beach Marlins : RHP Jonathan Wheatley
|
|
Pitching: RHP Jonathan Wheatley
|
|
|
Batting: RHB Marco Avina
|
0-0: Ball 1-0: Ball 2-0: Fly out, F8 (Flyball, 89M, EV 86.9 MPH)
|
|
Batting: RHB Aaron Burnet
|
0-0: Ball 1-0: Swinging Strike 1-1: Swinging Strike 1-2: Strikes out swinging
|
|
Batting: LHB Bob Kaufmann
|
0-0: Ball 1-0: Fly out, F8 (Flyball, 8RD, EV 103.1 MPH)
|
| Top of the 1st over - 0 runs, 0 hits, 0 errors, 0 left on base; Colorado 0 - Miami Beach 0 |
| BOTTOM OF THE 1ST |
|
Miami Beach Marlins batting - Pitching for Colorado Avalanche : LHP Toby Moore
|
|
Pitching: LHP Toby Moore
|
|
|
Batting: RHB Bill Atley
|
0-0: Foul Ball, location: 2F 0-1: Ball 1-1: Foul Ball, location: 2F 1-2: Ball 2-2: Ball 3-2: Strikes out looking
|
|
Batting: RHB Jim Smallwood
|
0-0: Called Strike 0-1: Foul Ball, location: 2F 0-2: Foul Ball, location: 2F 0-2: Strikes out swinging
|
|
Batting: RHB Melvin Nava
|
0-0: Ball 1-0: Ball 2-0: Ball 3-0: Base on Balls
|
|
Batting: RHB Torquato Uso
|
0-0: Called Strike 0-1: Ball 1-1: Called Strike 1-2: Foul Ball, location: 2F 1-2: Ground out 6-3 (Groundball, 6M, EV 103.1 MPH)
|
| Bottom of the 1st over - 0 runs, 0 hits, 0 errors, 1 left on base; Colorado 0 - Miami Beach 0 |
| TOP OF THE 2ND |
|
Colorado Avalanche batting - Pitching for Miami Beach Marlins : RHP Jonathan Wheatley
|
|
Batting: RHB Brent Montagano
|
0-0: Ball 1-0: Called Strike 1-1: Foul Ball, location: 2F 1-2: Ball 2-2: Ground out 5-3 (Groundball, 5S, EV 91.9 MPH)
|
|
Batting: LHB Tyler Twiss
|
0-0: Ball 1-0: Called Strike 1-1: Called Strike 1-2: Ground out 4-3 (Groundball, 4, EV 86.2 MPH)
|
|
Batting: RHB Ken Dunphy
|
0-0: Ball 1-0: Foul Ball, location: 2F 1-1: SINGLE (Groundball, 6MD, EV 101.2 MPH)
|
|
Batting: LHB Dan Goldberg
|
0-0: Called Strike 0-1: Called Strike 0-2: Foul Ball, location: 2F 0-2: Strikes out looking
|
| Top of the 2nd over - 0 runs, 1 hit, 0 errors, 1 left on base; Colorado 0 - Miami Beach 0 |
| BOTTOM OF THE 2ND |
|
Miami Beach Marlins batting - Pitching for Colorado Avalanche : LHP Toby Moore
|
|
Batting: RHB Orlando Melendres
|
0-0: Ball 1-0: Ball 2-0: Ball 3-0: Base on Balls
|
|
Batting: LHB Luis Ortegon
|
0-0: Ball 1-0: Ball 2-0: Called Strike 2-1: Ball 3-1: Swinging Strike 3-2: Base on Balls Orlando Melendres to second
|
|
Batting: RHB Timo Myers
|
0-0: Ball 1-0: Ball 2-0: 3-RUN HOME RUN (Flyball, 7LD, EV 95.0 MPH), Distance : 356 ft
|
|
Batting: RHB Dustin Baker
|
0-0: Swinging Strike 0-1: Swinging Strike 0-2: Ball 1-2: Ball 2-2: DOUBLE (Line Drive, 5D, EV 102.5 MPH)
|
|
Batting: RHB Mike Day
|
0-0: Called Strike 0-1: Ball 1-1: Ball 2-1: Swinging Strike 2-2: Strikes out looking
|
|
Batting: RHB Bill Atley
|
0-0: Called Strike 0-1: Ball 1-1: Called Strike 1-2: Fly out, F6 (Line Drive, 6, EV 67.5 MPH)
|
|
Batting: RHB Jim Smallwood
|
0-0: Foul Ball, location: 2F 0-1: Foul Ball, location: 2F 0-2: Ball Wild Pitch! Dustin Baker to third 1-2: Foul Ball, location: 2F 1-2: Ball 2-2: Strikes out swinging
|
| Bottom of the 2nd over - 3 runs, 2 hits, 0 errors, 1 left on base; Colorado 0 - Miami Beach 3 |
| TOP OF THE 3RD |
|
Colorado Avalanche batting - Pitching for Miami Beach Marlins : RHP Jonathan Wheatley
|
|
Batting: RHB Mike Chiquete
|
0-0: Ball 1-0: Fly out, F8 (Flyball, 8RM, EV 83.1 MPH)
|
|
Batting: RHB Jon Herner
|
0-0: SINGLE (Groundball, 4D, EV 106.2 MPH)
|
|
Batting: RHB Marco Avina
|
0-0: Foul Ball, location: 2F 0-1: Ball 1-1: Ball 2-1: Grounds into double play, 6-4-3 (Groundball, 6, EV 82.5 MPH)
|
| Top of the 3rd over - 0 runs, 1 hit, 0 errors, 0 left on base; Colorado 0 - Miami Beach 3 |
| BOTTOM OF THE 3RD |
|
Miami Beach Marlins batting - Pitching for Colorado Avalanche : LHP Toby Moore
|
|
Batting: RHB Melvin Nava
|
0-0: Ball 1-0: Ball 2-0: Foul Ball, location: 2F 2-1: Fly out, F4 (Line Drive, 4, EV 70.0 MPH)
|
|
Batting: RHB Torquato Uso
|
0-0: Called Strike 0-1: Swinging Strike 0-2: Ground out 4-3 (Groundball, 4, EV 82.5 MPH)
|
|
Batting: RHB Orlando Melendres
|
0-0: Foul Ball, location: 2F 0-1: TRIPLE (Line Drive, 9LD, EV 107.5 MPH)
|
|
Batting: LHB Luis Ortegon
|
0-0: Called Strike 0-1: Swinging Strike 0-2: Ball 1-2: Ball 2-2: Foul Ball, location: 2F 2-2: Ball Wild Pitch! Orlando Melendres scores 3-2: SINGLE (Line Drive, 9LS, EV 108.1 MPH)
|
|
Batting: RHB Timo Myers
|
0-0: Ball 1-0: Ball 2-0: Called Strike 2-1: Ball 3-1: Called Strike 3-2: Foul Ball, location: 2F 3-2: Strikes out looking
|
| Bottom of the 3rd over - 1 run, 2 hits, 0 errors, 1 left on base; Colorado 0 - Miami Beach 4 |
| TOP OF THE 4TH |
|
Colorado Avalanche batting - Pitching for Miami Beach Marlins : RHP Jonathan Wheatley
|
|
Batting: RHB Aaron Burnet
|
0-0: Called Strike 0-1: Ball 1-1: Ball 2-1: SINGLE (Line Drive, 56D, EV 100.0 MPH)
|
|
Batting: LHB Bob Kaufmann
|
0-0: Called Strike Aaron Burnet steals 2nd base 0-1: Ball Aaron Burnet steals 3rd base (no throw) 1-1: Called Strike 1-2: Ball 2-2: Foul Ball, location: 2F 2-2: Strikes out looking
|
|
Batting: RHB Brent Montagano
|
0-0: Fly out, F7 (Flyball, 7LM, EV 93.1 MPH) Runner from 3rd tags up, SCORES, throw by LF
|
|
Batting: LHB Tyler Twiss
|
0-0: Foul Ball, location: 2F 0-1: Swinging Strike 0-2: Foul Ball, location: 2F 0-2: Fly out, F4 (Line Drive, 4, EV 65.0 MPH)
|
| Top of the 4th over - 1 run, 1 hit, 0 errors, 0 left on base; Colorado 1 - Miami Beach 4 |
| BOTTOM OF THE 4TH |
|
Miami Beach Marlins batting - Pitching for Colorado Avalanche : LHP Toby Moore
|
|
Pitching: RHP Cedomil Nedic
|
|
|
Batting: RHB Dustin Baker
|
0-0: Ball 1-0: Fly out, F8 (Flyball, 8RXD, EV 83.1 MPH)
|
|
Batting: RHB Mike Day
|
0-0: Ball 1-0: Ball 2-0: Foul Ball, location: 2F 2-1: Ball 3-1: Foul Ball, location: 2F 3-2: Strikes out swinging
|
|
Batting: RHB Bill Atley
|
0-0: Ball 1-0: Foul Ball, location: 2F 1-1: SOLO HOME RUN (Flyball, 7D, EV 98.1 MPH), Distance : 385 ft
|
|
Batting: RHB Jim Smallwood
|
0-0: Called Strike 0-1: Ball 1-1: Called Strike 1-2: Strikes out swinging
|
| Bottom of the 4th over - 1 run, 1 hit, 0 errors, 0 left on base; Colorado 1 - Miami Beach 5 |
| TOP OF THE 5TH |
|
Colorado Avalanche batting - Pitching for Miami Beach Marlins : RHP Jonathan Wheatley
|
|
Batting: RHB Ken Dunphy
|
0-0: Ground out 6-3 (Groundball, 56, EV 104.4 MPH)
|
|
Batting: LHB Dan Goldberg
|
0-0: Ball 1-0: Ball 2-0: SINGLE (Line Drive, 9S, EV 100.0 MPH)
|
|
Batting: RHB Mike Chiquete
|
0-0: Fielders Choice at 2nd, 1-6 (Groundball, 13S, EV 66.2 MPH)
|
|
Batting: RHB Jon Herner
|
0-0: Ball 1-0: Swinging Strike 1-1: Swinging Strike 1-2: Foul Ball, location: 2F 1-2: Ball Mike Chiquete steals 2nd base (no throw) 2-2: Ball 3-2: Foul Ball, location: 2F 3-2: Strikes out swinging
|
| Top of the 5th over - 0 runs, 1 hit, 0 errors, 1 left on base; Colorado 1 - Miami Beach 5 |
| BOTTOM OF THE 5TH |
|
Miami Beach Marlins batting - Pitching for Colorado Avalanche : RHP Cedomil Nedic
|
|
Batting: RHB Melvin Nava
|
0-0: Called Strike 0-1: Foul Ball, location: 2F 0-2: Foul Ball, location: 2F 0-2: Fly out, F7 (Flyball, 7, EV 85.6 MPH)
|
|
Batting: RHB Torquato Uso
|
0-0: Foul Ball, location: 2F 0-1: Foul Ball, location: 2F 0-2: Ball 1-2: Ball 2-2: Strikes out swinging
|
|
Batting: RHB Orlando Melendres
|
0-0: Called Strike 0-1: Swinging Strike 0-2: Fly out, F9 (Flyball, 9S, EV 86.9 MPH)
|
| Bottom of the 5th over - 0 runs, 0 hits, 0 errors, 0 left on base; Colorado 1 - Miami Beach 5 |
| TOP OF THE 6TH |
|
Colorado Avalanche batting - Pitching for Miami Beach Marlins : RHP Jonathan Wheatley
|
|
Batting: RHB Marco Avina
|
0-0: Foul Ball, location: 2F 0-1: Ground out 6-3 (Groundball, 6S, EV 83.1 MPH)
|
|
Batting: RHB Aaron Burnet
|
0-0: Ball 1-0: Foul Ball, location: 2F 1-1: Called Strike 1-2: Strikes out looking
|
|
Batting: LHB Bob Kaufmann
|
0-0: Swinging Strike 0-1: Ball 1-1: Ball 2-1: Ground out 4-3 (Groundball, 4S, EV 83.1 MPH)
|
| Top of the 6th over - 0 runs, 0 hits, 0 errors, 0 left on base; Colorado 1 - Miami Beach 5 |
| BOTTOM OF THE 6TH |
|
Miami Beach Marlins batting - Pitching for Colorado Avalanche : RHP Cedomil Nedic
|
|
Batting: LHB Luis Ortegon
|
0-0: Ball 1-0: Ball 2-0: Called Strike 2-1: Fly out, F3 (Line Drive, 3, EV 74.4 MPH)
|
|
Batting: RHB Timo Myers
|
0-0: Ball 1-0: Foul Ball, location: 2F 1-1: Ball 2-1: Foul Ball, location: 2F 2-2: Ground out 6-3 (Groundball, 56, EV 80.6 MPH)
|
|
Pitching: LHP Danny Sebastian
|
|
|
Batting: RHB Dustin Baker
|
0-0: Called Strike 0-1: Ball 1-1: Fly out, F8 (Flyball, 8RXD, EV 109.4 MPH)
|
| Bottom of the 6th over - 0 runs, 0 hits, 0 errors, 0 left on base; Colorado 1 - Miami Beach 5 |
| TOP OF THE 7TH |
|
Colorado Avalanche batting - Pitching for Miami Beach Marlins : RHP Jonathan Wheatley
|
|
Batting: RHB Brent Montagano
|
0-0: Foul Ball, location: 2F 0-1: Foul Ball, location: 2F 0-2: Foul Ball, location: 2F 0-2: Ball 1-2: Ball 2-2: Ball 3-2: Fly out, F8 (Line Drive, 8RM, EV 98.8 MPH)
|
|
Pinch Hitting: RHB Joe Shade
|
0-0: Ball 1-0: Ball 2-0: Ball 3-0: Foul Ball, location: 2F 3-1: Base on Balls
|
|
Pinch Hitting: LHB Rich Rauda
|
0-0: Called Strike 0-1: Called Strike 0-2: Foul Ball, location: 2F 0-2: Foul Ball, location: 2F 0-2: Ground out 4-3 (Groundball, 34, EV 108.8 MPH) Joe Shade to second
|
|
Batting: RHB Ben Connelly
|
0-0: Ball 1-0: Fly out, F8 (Flyball, 8LD, EV 94.4 MPH)
|
| Top of the 7th over - 0 runs, 0 hits, 0 errors, 1 left on base; Colorado 1 - Miami Beach 5 |
| BOTTOM OF THE 7TH |
|
Miami Beach Marlins batting - Pitching for Colorado Avalanche : LHP Danny Sebastian
|
|
Now at 3B: Joe Shade
|
|
|
Now in RF: Rich Rauda
|
|
|
Batting: RHB Mike Day
|
0-0: Ball 1-0: Ball 2-0: Swinging Strike 2-1: Foul Ball, location: 2F 2-2: Foul Ball, location: 2F 2-2: Strikes out looking
|
|
Batting: RHB Bill Atley
|
0-0: Called Strike 0-1: Swinging Strike 0-2: Ball 1-2: Foul Ball, location: 2F 1-2: Reached on error, E4 (Groundball, 4, EV 88.1 MPH)
|
|
Batting: RHB Jim Smallwood
|
0-0: Ball Bill Atley steals 2nd base 1-0: Called Strike 1-1: Called Strike 1-2: Fly out, F3 (Popup, 23F, EV 88.8 MPH)
|
|
Batting: RHB Melvin Nava
|
0-0: Ball 1-0: Called Strike 1-1: Ball 2-1: Foul Ball, location: 2F 2-2: Fly out, F9 (Flyball, 89S, EV 95.6 MPH)
|
| Bottom of the 7th over - 0 runs, 0 hits, 1 error, 1 left on base; Colorado 1 - Miami Beach 5 |
| TOP OF THE 8TH |
|
Colorado Avalanche batting - Pitching for Miami Beach Marlins : RHP Jonathan Wheatley
|
|
Pinch Hitting: SHB Taylor Shelton
|
0-0: Ball 1-0: Ball 2-0: Swinging Strike 2-1: Ball 3-1: Foul Ball, location: 2F 3-2: Ground out 4-3 (Groundball, 4, EV 87.5 MPH)
|
|
Batting: RHB Jon Herner
|
0-0: Ground out 6-3 (Groundball, 6, EV 106.9 MPH)
|
|
Batting: RHB Marco Avina
|
0-0: Foul Ball, location: 2F 0-1: Ball 1-1: Ball 2-1: Foul Ball, location: 2F 2-2: Foul Ball, location: 2F 2-2: Ball 3-2: Foul Ball, location: 2F 3-2: Strikes out swinging
|
| Top of the 8th over - 0 runs, 0 hits, 0 errors, 0 left on base; Colorado 1 - Miami Beach 5 |
| BOTTOM OF THE 8TH |
|
Miami Beach Marlins batting - Pitching for Colorado Avalanche : LHP Danny Sebastian
|
|
Now at 2B: Taylor Shelton
|
|
|
Now at SS: Brent Montagano
|
|
|
Batting: RHB Torquato Uso
|
0-0: Swinging Strike 0-1: Ball 1-1: Foul Ball, location: 2F 1-2: SINGLE (Groundball, 34S, EV 74.4 MPH) (infield hit)
|
|
Pitching: RHP David Spangler
|
|
|
Batting: RHB Orlando Melendres
|
0-0: Ball 1-0: Ball 2-0: Called Strike 2-1: Ball 3-1: Foul Ball, location: 2F 3-2: Base on Balls Torquato Uso to second
|
|
Batting: LHB Luis Ortegon
|
0-0: Bunted foul 0-1: Ball 1-1: Ball 2-1: Sac Bunt to 25 - play at first, batter OUT! 5-4 Torquato Uso to third Orlando Melendres to second
|
|
Pinch Hitting: LHB Takao Ogura
|
0-0: Foul Ball, location: 2F 0-1: Ball 1-1: Ball 2-1: Ball 3-1: Base on Balls
|
|
Batting: LHB Henry Huezo
|
0-0: Foul Ball, location: 2F 0-1: SINGLE (Line Drive, 78S, EV 104.4 MPH) Torquato Uso scores Orlando Melendres to third Takao Ogura to second Runner from 3rd tries for Home, SAFE, throw by LF to home
|
|
Pinch Hitting: RHB Kazumi Inouye
|
0-0: DOUBLE (Flyball, 8RXD, EV 105.6 MPH) Takao Ogura scores Henry Huezo to third
|
|
Pinch Hitting: RHB Corbin Chauvin
|
0-0: Ball 1-0: DOUBLE (Line Drive, 7LM, EV 92.5 MPH) Henry Huezo scores Kazumi Inouye scores
|
|
Pitching: LHP Harley Traynor
|
|
|
Batting: RHB Jim Smallwood
|
0-0: Ball 1-0: Ball 2-0: Foul Ball, location: 2F 2-1: Foul Ball, location: 2F 2-2: Strikes out swinging
|
|
Pinch Hitting: RHB Jose Rolon
|
0-0: Ball 1-0: Ball 2-0: Ground out 5-3 (Groundball, 5S, EV 89.4 MPH)
|
| Bottom of the 8th over - 5 runs, 4 hits, 0 errors, 1 left on base; Colorado 1 - Miami Beach 10 |
| TOP OF THE 9TH |
|
Colorado Avalanche batting - Pitching for Miami Beach Marlins : RHP Jonathan Wheatley
|
|
Now at 1B: Takao Ogura
|
|
|
Now at 3B: Jose Rolon
|
|
|
Now at SS: Kazumi Inouye
|
|
|
Now in LF: Cody Leonard
|
|
|
Batting: RHB Aaron Burnet
|
0-0: Called Strike 0-1: Foul Ball, location: 2F 0-2: Ball 1-2: Foul Ball, location: 2F 1-2: Foul Ball, location: 2F 1-2: Ball 2-2: SINGLE (Groundball, 6, EV 100.0 MPH)
|
|
Batting: LHB Bob Kaufmann
|
0-0: SINGLE (Flyball, 3D, EV 90.6 MPH) Aaron Burnet to second
|
|
Batting: RHB Brent Montagano
|
0-0: Called Strike 0-1: Swinging Strike 0-2: Ball 1-2: Foul Ball, location: 2F 1-2: Ball 2-2: Ball 3-2: Foul Ball, location: 2F 3-2: Base on Balls Aaron Burnet to third Bob Kaufmann to second
|
|
Batting: RHB Joe Shade
|
0-0: Ball 1-0: Swinging Strike 1-1: Foul Ball, location: 2F 1-2: Strikes out swinging
|
|
Pitching: RHP Jamie Rappoport
|
|
|
Batting: LHB Rich Rauda
|
0-0: Foul Ball, location: 2F 0-1: SINGLE (Groundball, 4MD, EV 98.1 MPH) Aaron Burnet scores Bob Kaufmann to third Brent Montagano to second
|
|
Batting: RHB Ben Connelly
|
0-0: Called Strike 0-1: Ball 1-1: Ball 2-1: Ball 3-1: Called Strike 3-2: Foul Ball, location: 2F 3-2: Base on Balls Bob Kaufmann scores Brent Montagano to third Rich Rauda to second
|
|
Batting: SHB Taylor Shelton
|
0-0: Called Strike 0-1: DOUBLE (Line Drive, 78M, EV 101.9 MPH) Brent Montagano scores Rich Rauda scores Ben Connelly to third
|
|
Batting: RHB Jon Herner
|
0-0: Swinging Strike 0-1: Swinging Strike 0-2: Fly out, F9 (Flyball, 89D, EV 92.5 MPH) Runner from 3rd tags up, SCORES, no throw by RF
|
|
Batting: RHB Marco Avina
|
0-0: Ground out U3 (Groundball, 3S, EV 76.2 MPH)
|
| Top of the 9th over - 5 runs, 4 hits, 0 errors, 1 left on base; Colorado 6 - Miami Beach 10 |
|